 Dungeon Crawl Stone Soup version 0.30.1-9-gdf580d7c3d (webtiles) character file.

Game seed: 12375897775512036990

2 H0rd4k the Charlatan (level 1, -4/13 HPs)
             Began as an Octopode Artificer on Oct 20, 2023.
             Shot with a sling bullet by a goblin (5 damage)
             ... on level 2 of the Dungeon.
             The game lasted 00:00:14 (93 turns).

H0rd4k the Charlatan (Octopode Artificer)             Turns: 93, Time: 00:00:14

Health: -4/13      AC:  1    Str: 11    XL:     1   Next: 40%
Magic:  1/1        EV: 13    Int: 13    God:
Gold:   20         SH:  0    Dex: 12    Spells: 0/0 levels left

rFire   . . .        (no weapon)
rCold   . . .        (no shield)
rNeg    . . .        (helmet restricted)
rPois   .            (no amulet)
rElec   .            (no ring)
rCorr   .            (no ring)
SInv    .            (no ring)
Will    .....        (no ring)
Stlth   +++          (no ring)
HPRegen 0.22/turn    (no ring)
MPRegen 0.07/turn    (no ring)
                     (no ring)

%: no passive effects
@: lethally poisoned (-4 -> -7)
A: almost no armour, amphibious, 8 rings, camouflage 1, gelatinous body 1,
(nimble swimmer 1), tentacles
a: no special abilities


You were on level 2 of the Dungeon.
You visited 1 branch of the dungeon, and saw 2 of its levels.

You collected 20 gold pieces.

Inventory:

Missiles
 g - 2 atropa-tipped darts
Wands
 b - a wand of flame (15) (quivered)
 c - a wand of charming (15)
 d - a wand of iceblast (5)
Scrolls
 f - a scroll of teleportation {unknown}
Potions
 a - a potion of lignification {unknown}
 e - 2 potions of curing {unknown}


   Skills:
 + Level 1.0 Fighting
 + Level 2.3 Dodging
 - Level 1.3 Stealth
 + Level 3.5 Evocations


You couldn't memorise any spells.
You didn't know any spells.
Your spell library was empty.

Dungeon Overview and Level Annotations

Branches:
Dungeon (2/15)

Altars:


Innate Abilities, Weirdness & Mutations

You cannot wear most types of armour.
You are amphibious.
You can wear up to eight rings at the same time.
Your skin changes colour to match your surroundings (Stealth+).
Your rubbery body absorbs attacks. (AC +1, EV +1)
((You are camouflaged when in or above water. (Stealth+)))
You have tentacles for arms and can constrict up to eight enemies at once.


Message History

A bat comes into view.
The rat misses you.
There are monsters nearby!
The adder hisses angrily.
You tentacle-slap the rat. Your grab misses the rat.
The rat is severely wounded.
The rat barely misses you.
There are monsters nearby!
You closely miss the rat. Your grab misses the rat. You squeeze the rat.
You kill the rat!
The bat misses you.
You tentacle-slap the bat. Your grab misses the bat.
The bat is heavily wounded.
The bat hits you but does no damage.
The goblin shoots a sling bullet.
The sling bullet hits you.
An adder comes into view.
The adder hisses angrily.
You hear an angry hiss.
There are monsters nearby!
A frilled lizard comes into view.
The frilled lizard hisses angrily.
The bat closely misses you. The bat hits you but does no damage.
There are monsters nearby!
You closely miss the adder. You grab the adder. You constrict the adder.
The bat hits you. The adder closely misses you.
The hobgoblin barely misses you.
A goblin comes into view. It is wielding a +0 club.
There are monsters nearby!
You tentacle-slap the adder.
The adder is moderately wounded.
You constrict the adder. The bat hits you. The adder bites you.
* * * LOW HITPOINT WARNING * * *
You are lethally poisoned!
The adder poisons you! The hobgoblin hits you.
* * * LOW HITPOINT WARNING * * *
An endoplasm comes into view.
You release your grip on the adder.
The hobgoblin attacks as you move away! The hobgoblin barely misses you.
* * * LOW HITPOINT WARNING * * *
You feel sick.
The goblin shoots a sling bullet.
The sling bullet hits you.
You die...

.#. .... .## ........
#..# ..# .........
.$... #.# #........ .
...#.## #.# #........
#.
.....###.####........
... #.†.......#.......
.. #.#...............
#.###@b...............
#.Sg.S########........
.[Jgl.#.## #........
#.#...g.# #........
#.#.### #........ #...
##....... ... ##......
#.#. ####### ....


You could see 2 adders, an endoplasm, a hobgoblin, 2 goblins, a bat and a
frilled lizard.

Vanquished Creatures
  A quokka (D:2)
  2 rats (D:2)
3 creatures vanquished.

Notes
Turn   | Place    | Note
-------+----------+-------------------------------------------
     0 | D:1      | H0rd4k the Octopode Artificer began the quest for the Orb.
     0 | D:1      | Reached XP level 1. HP: 13/13 MP: 1/1
    17 | D:1      | Found a faded altar of an unknown god.
    22 | D:1      | You fall into a shaft and drop 1 floor!
    93 | D:2      | Shot with a sling bullet by a goblin

Illustrated notes

Levels and vault maps discovered:
D:1:      mrwooster_arrival_statue, layout_rooms, ebering_ecumenical_altar_rust,
          hex_intersection, minivault_11, minmay_small_reverse_x
D:2:      layout_rooms, minmay_fractal_squares_5, uniq_robin, uniq_jessica

Action                     || total
---------------------------++-------
  Melee: Unarmed           ||     8
         Tentacles         ||     3
         Constrict         ||     2
 Armour: Skin              ||     2
  Dodge: Dodged            ||    10
